 Dungeon Crawl Stone Soup version 0.30-a0-279-g4b46babb21 (webtiles) character file.

Game seed: 3248114821002099017

1300 hikkokomori the Chopper (level 8, 0/73 (76) HPs)
             Began as a Tengu Berserker on Oct 17, 2022.
             Was a Believer of Trog.
             Slain by a wight
             ... wielding a +4 mace
              (12 damage)
             ... on level 5 of the Dungeon.
             The game lasted 00:04:31 (3689 turns).

hikkokomori the Chopper (Tengu Berserker)           Turns: 3689, Time: 00:04:32

HP:   0/73 (76)     AC:  2    Str: 21    XL:     8   Next: 57%
MP:   9/9           EV: 17    Int:  7    God:    Trog [**....]
Gold: 235           SH:  5    Dex: 13    Spells: 7/7 levels left

rFire   . . .      SeeInvis .    n - +5 hand axe
rCold   . . .      Faith    .    (no shield)
rNeg    . . .      Spirit   .    b - +0 animal skin
rPois   .          Reflect  +    (helmet restricted)
rElec   .          Harm     .    (no cloak)
rCorr   .          Rampage  .    (no gloves)
Will    .....                    (boots unavailable)
Stlth   ..........               k - amulet of reflection
HPRegen 0.32/turn                (no ring)
MPRegen 0.11/turn                (no ring)

@: berserking (expiring), flying quickly and evasively, lightly drained, very
quick
A: beak, talons 3, nimble flight
a: Renounce Religion, Berserk, Trog's Hand


You were on level 5 of the Dungeon.
You worshipped Trog.
Trog was pleased with you.
You visited 1 branch of the dungeon, and saw 5 of its levels.

You collected 235 gold pieces.

Inventory:

Hand Weapons
 a - a +0 hand axe
 h - a +1 dagger of venom
 n - a +5 hand axe (weapon)
Armour
 b - a +0 animal skin (worn)
 g - a scarf of harm
Jewellery
 i - a ring of magical power
 k - an amulet of reflection (around neck)
Wands
 r - a wand of quicksilver (2)
 s - a wand of charming (5)
Scrolls
 d - a scroll of enchant weapon {unknown}
 e - 4 scrolls of teleportation
 l - a scroll of vulnerability
 o - a scroll of magic mapping
 t - a scroll of blinking
Potions
 c - a potion of ambrosia {unknown}
 f - a potion of haste
 j - a potion of brilliance
 m - a potion of mutation
 p - a potion of lignification
 q - 3 potions of heal wounds


   Skills:
 + Level 5.8 Fighting
 + Level 6.4 Axes
 + Level 5.9 Armour
 + Level 5.9 Dodging


You had 7 spell levels left.
You didn't know any spells.
Your spell library was empty.

Dungeon Overview and Level Annotations

Branches:
Dungeon (5/15)
 Temple: D:4-7

Altars:
Gozag
Wu Jian
Xom

Shops:
D:5 (


Innate Abilities, Weirdness & Mutations

You have a beak for a mouth.
You have claws for feet.
Your magical nature lets you fly swiftly and evasively.


Message History

You slash Blork the orc!
You feel the power of Trog in you as your rage grows.
You kill Blork the orc!
Trog accepts your kill.
Trog appreciates your killing of a magic user.
You hit the wight.
You are too injured to fight recklessly!
You barely miss the wight. Your peck misses the wight.
The wight is heavily damaged.
The wight closely misses you.
You slash the wight! Your kick misses the wight. You peck the wight.
You destroy the wight!
Trog accepts your kill.
The wight hits you with a +4 spear of freezing!
* * * LOW HITPOINT WARNING * * *
The wight freezes you.
* * * LOW HITPOINT WARNING * * *
Things that are here:
a +0 falchion; a +0 robe You closely miss the wight.
You claw the wight. Your peck misses the wight.
The wight is moderately damaged.
You block the wight's attack.
You barely miss the wight.
The wight is moderately damaged.
You barely miss the wight.
The wight is moderately damaged.
The wight barely misses you.
You slash the wight!
You destroy the wight!
Trog accepts your kill. The wight hits you with a +4 mace!
* * * LOW HITPOINT WARNING * * *
You feel drained.
* * * LOW HITPOINT WARNING * * *
Things that are here:
a +4 spear of freezing; a +0 robe You slash the wight!
The wight is heavily damaged.
The wight hits you with a +4 mace!
You die...

..# #.# #.# #.#
#.### #.#
#####...####.###
###...............
#
....>.....###...##
###.#
###.##..####.....#
...∩..###.##..#
##...##
#.z@).....# ##.##
#.###.##.## #.# #
#)##.# #.# .....#
#+# ####### # # #


You could see a wight.

Vanquished Creatures
  Grinder (D:4)
  Sigmund (D:4)
  Eustachio (D:4)
  A water moccasin (D:5)
  2 ogres (D:4)
  Blork the orc (D:5)
  A necrophage (D:4)
  5 wights
  A hound (D:5)
  5 adders
  2 ufetubi (D:4)
  A worm (D:4)
  A dart slug (D:2)
  3 orcs (D:3)
  6 ball pythons
  4 endoplasms
  7 goblins
  5 hobgoblins
  3 jackals (D:1)
  7 kobolds
  2 quokkas (D:1)
  5 bats
  A frilled lizard (D:2)
  3 rats
69 creatures vanquished.

Vanquished Creatures (others)
  A plant (D:5)
1 creature vanquished.

Grand Total: 70 creatures vanquished

Notes
Turn   | Place    | Note
-------+----------+-------------------------------------------
     0 | D:1      | hikkokomori the Tengu Berserker began the quest for the
                  | Orb.
     0 | D:1      | Reached XP level 1. HP: 14/14 MP: 2/2
   132 | D:1      | Reached XP level 2. HP: 4/19 MP: 3/3
   973 | D:2      | Reached XP level 3. HP: 19/23 MP: 4/4
  1614 | D:3      | Found an opulent altar of Gozag.
  1909 | D:3      | Found a shimmering altar of Xom.
  1914 | D:3      | Reached XP level 4. HP: 16/28 MP: 5/5
  2063 | D:3      | Reached ** piety under Trog
  2291 | D:4      | Noticed an ogre
  2296 | D:4      | Killed an ogre
  2297 | D:4      | Reached skill level 4 in Axes
  2297 | D:4      | Gained mutation: Your magical nature lets you fly swiftly
                  | and evasively. [Tengu growth]
  2297 | D:4      | Reached XP level 5. HP: 33/33 MP: 6/6
  2321 | D:4      | Found an ornate altar of the Wu Jian Council.
  2452 | D:4      | Reached XP level 6. HP: 16/38 MP: 7/7
  2693 | D:4      | Noticed Sigmund
  2703 | D:4      | Killed Sigmund
  2704 | D:4      | Reached skill level 5 in Axes
  2704 | D:4      | Reached XP level 7. HP: 34/44 MP: 8/8
  2843 | D:4      | Noticed Eustachio
  2885 | D:4      | Killed Eustachio
  3076 | D:4      | Found a shimmering altar of Xom.
  3088 | D:4      | Reached skill level 5 in Fighting
  3088 | D:4      | Reached skill level 5 in Dodging
  3113 | D:4      | Reached skill level 5 in Armour
  3180 | D:4      | Noticed Grinder
  3194 | D:4      | Killed Grinder
  3195 | D:4      | Reached skill level 6 in Axes
  3195 | D:4      | Reached XP level 8. HP: 50/50 MP: 9/9
  3399 | D:5      | Entered Level 5 of the Dungeon
  3671 | D:5      | Found Rutiotu's Weapon Shop.
  3671 | D:5      | Noticed Blork the orc
  3680 | D:5      | Killed Blork the orc
  3689 | D:5      | Slain by a wight

Illustrated notes

Levels and vault maps discovered:
D:1:      minmay_arrival_open_corners, layout_loops_ring,
          amcnicky_mini_pool_small, minivault_14, minmay_misc_feat_tower
D:2:      layout_basic
D:3:      layout_loops_ring, nicolae_gozag_cash_rules_everything_around_me,
          xom_confusion_cloud, nicolae_elevator_lobby_asterisk
D:4:      layout_loops_ring, mainiacjoe_overflow_brackets, minivault_5,
          minmay_ruined_shrine, uniq_eustachio, uniq_grinder, uniq_sigmund
D:5:      layout_loops_corners, mainiacjoe_overflow_alcove_1,
          lemuel_coloured_pillars_altar, fedhas_altar_decomposition,
          serial_shops, nicolae_shop_crystal, uniq_crazy_yiuf_cottage,
          uniq_blork_the_orc

Skill      XL: |  1  2  3  4  5  6  7 |
---------------+----------------------+-----
Dodging        | 3 4 5 |  5.9
Armour         | 3 4 5 |  5.9
Axes           | 4 5 6 |  6.4
Fighting       | 4 5 |  5.8

Action                   |  1- 3 |  4- 6 |  7- 9 || total
-------------------------+-------+-------+-------++-------
Melee: Hand axe          |    63 |    40 |    85 ||   188
       Kick              |     8 |     6 |    22 ||    36
       Peck              |     7 |     5 |    15 ||    27
       Punch             |       |       |     1 ||     1
Invok: Berserk           |     1 |     3 |     2 ||     6
       Trog's Hand       |       |     1 |     1 ||     2
  Use: Scroll            |     3 |     1 |     6 ||    10
       Potion            |       |     1 |       ||     1
 Stab: Sleeping          |     3 |       |       ||     3
       Distracted        |       |     1 |       ||     1
       Confused          |       |     1 |       ||     1
Armor: Animal skin       |    11 |     2 |    10 ||    23
Dodge: Dodged            |    36 |    19 |    60 ||   115
Block: Other             |       |     4 |    12 ||    16

Table legend: (Time is in decaauts)
 A = Elapsed time spent in this place.
 B = Non-inter-level travel time spent in this place.
 C = Inter-level travel time spent in this place.
 D = Time resting spent in this place.
 E = Time spent auto-exploring this place.
 F = Levels seen in this place.
 G = Mean time per level.
                   A        B        C        D        E       F      G
               +--------+--------+--------+--------+--------+-----+--------+
         Total |   3664 |   3482 |    182 |    244 |   2678 |   5 |  732.8 |
       Dungeon |   3664 |   3482 |    182 |    244 |   2678 |   5 |  732.8 |
               +--------+--------+--------+--------+--------+-----+--------+

Top non-repeatable levels by time:
     D:4: 1067 daAuts
     D:1: 839 daAuts
     D:2: 784 daAuts
     D:3: 702 daAuts
     D:5: 269 daAuts
